 Dungeon Crawl Stone Soup version 0.26-a0-652-gafc20e3620 (webtiles) character file.

Game seed: 7781797603739676553

11571 raphaelitos the Carver (level 11, -5/97 HPs)
             Began as a Minotaur Fighter on Oct 1, 2020.
             Was a Follower of the Shining One.
             Killed from afar by an oklob plant (14 damage)
             ... with a splash of acid
             ... on level 1 of the Lair of Beasts.
             The game lasted 00:28:31 (10196 turns).

raphaelitos the Carver (Minotaur Fighter)          Turns: 10196, Time: 00:28:32

Health: -5/97      AC:  5    Str: 25    XL:     11   Next: 51%
Magic:  0/10       EV: 16    Int:  5    God:    the Shining One [*.....]
Gold:   551        SH:  0    Dex:  9    Spells: 10/10 levels left

rFire    . . .     SeeInvis .   S - +5 great sword
rCold    . . .     Faith    .   (shield currently unavailable)
rNeg     . . .     Spirit   +   b - +1 scale mail
rPois    .         Reflect  .   (helmet restricted)
rElec    .         Harm     +   P - scarf {harm}
rCorr    .         Rampage  .   (no gloves)
MR       .....                  (no boots)
Stlth    ..........             Z - amulet of guardian spirit
HPRegen  0.26/turn              G - +4 ring of evasion
MPRegen  0.12/turn              O - +4 ring of protection

@: about to teleport, corroded, glowing
A: retaliatory headbutt, horns 2
a: Renounce Religion


You were on level 1 of the Lair of Beasts.
You worshipped the Shining One.
The Shining One was aware of your devotion.
You visited 3 branches of the dungeon, and saw 11 of its levels.
You also visited: Ossuary.

You collected 551 gold pieces.

Inventory:

Hand Weapons
 d - the +2 spear of Bycki Egeygu {vorpal, Int+3}
   (You found it on level 8 of the Dungeon)

   It inflicts extra damage upon your enemies.
   It affects your intelligence (+3).
 H - a +0 shortbow
 S - a +5 great sword (weapon)
Missiles
 f - 2 boomerangs (quivered)
 h - 235 arrows
 j - 22 poisoned darts
 k - 65 sling bullets
 w - 98 bolts
 x - 219 stones
 F - 3 javelins
Armour
 b - a +1 scale mail (worn)
 g - a +0 tower shield
 P - a scarf of harm (worn)
Magical Staves
 L - an uncursed staff of conjuration
 V - an uncursed staff of poison
Jewellery
 a - an uncursed ring of poison resistance
 D - an uncursed ring of protection from cold
 G - a +4 ring of evasion (left hand)
 O - a +4 ring of protection (right hand)
 W - an uncursed ring of ice
 Z - an amulet of guardian spirit (around neck)
Wands
 n - a wand of paralysis (16)
 z - a wand of polymorph (10)
 N - a wand of iceblast (12)
 Q - a wand of enslavement (7)
 R - a wand of flame (31)
 T - a wand of digging (7)
 X - a wand of disintegration (14)
Scrolls
 c - 3 scrolls of teleportation
 e - a scroll of remove curse
 p - a scroll of fog
 q - a scroll of amnesia
 y - a scroll of enchant armour
 B - 4 scrolls of magic mapping
 K - 4 scrolls of immolation
Potions
 i - a potion of mutation
 m - a potion of magic
 o - a potion of stabbing
 s - 3 potions of flight
 t - 2 potions of cancellation
 v - a potion of invisibility
 A - 2 potions of haste
 C - a potion of ambrosia {unknown}
 I - a potion of brilliance
 J - 3 potions of heal wounds {unknown}
 Y - 2 potions of might


   Skills:
 + Level 9.3 Fighting
 + Level 12.4 Long Blades
   Level 4.7 Axes
 + Level 9.0 Staves
 + Level 4.0 Bows
 + Level 10.2 Armour
 + Level 4.1 Dodging
 + Level 1.8 Stealth
 + Level 4.7 Shields


You had 10 spell levels left.
You didn't know any spells.
Your spell library contained the following spells:

 Spells                   Type           Power        Failure   Level
 Animate Skeleton         Necr           #.....       71%         1
 Corona                   Hex            #......      71%         1
 Freeze                   Ice            #...         71%         1
 Pain                     Necr           #...         71%         1
 Ensorcelled Hibernation  Hex/Ice        #.....       85%         2
 Confusing Touch          Hex            #.......     97%         3
 Dazzling Flash           Conj/Hex       #.....       97%         3
 Frozen Ramparts          Ice            #.....       97%         3
 Ozocubu's Armour         Ice            #.......     97%         3
 Tukima's Dance           Hex            #.......     97%         3
 Vampiric Draining        Necr           #.........   97%         3
 Animate Dead             Necr           #.........   100%        4
 Hailstorm                Conj/Ice       #.......     100%        4
 Summon Ice Beast         Ice/Summ       #.......     100%        4
 Agony                    Necr           #.......     100%        5


Dungeon Overview and Level Annotations

Branches:
Dungeon (8/15)             Temple (1/1) D:7            Lair (2/6) D:8
Ossuary (visited)
  Swamp: Lair:2-4    Shoals: Lair:2-4     Snake: Lair:2-4    Spider: Lair:2-4

Altars:
Ashenzari
Cheibriados
Dithmenos
Elyvilon
Fedhas
Gozag
Hepliaklqana
Kikubaaqudgha
Makhleb
Nemelex Xobeh
Okawaru
Qazlal
Ru
Sif Muna
Trog
Uskayaw
Vehumet
Wu Jian
Xom
Yredelemnul
Zin
The Shining One

Annotations:
Lair:1 exclusion: 4 oklob plants


Innate Abilities, Weirdness & Mutations

You reflexively headbutt those who attack you in melee.
You have a pair of horns on your head.


Message History

Evoke which item? (* to show all) (? for menu, Esc to quit)
Press: ? - help, Shift-Dir - straight line, f - oklob plant
Aim: an oklob plant The puff of flame hits the oklob plant!
The oklob plant is lightly damaged.
The oklob plant spits acid at you. The splash of acid hits you!
You are splashed with acid!
* * * LOW HITPOINT WARNING * * *
You see here 9 gold pieces.
You feel better. The oklob plant spits acid at you.
The splash of acid hits you!
* * * LOW HITPOINT WARNING * * *
The acid corrodes you!
You are splashed with acid!
* * * LOW HITPOINT WARNING * * *
As you read the scroll of teleportation, it crumbles to dust.
You feel strangely unstable. The oklob plant spits acid at you.
The splash of acid hits you!
You die...

#.).......##..................
#......##...###..#.##............
#.......##..# #..#####..###......
#......# #..# #..# ##..# #......
#......# #..# #..####...# #......
#......# #..###.....##..# #......
#......# #..##.......#..# #......
.......###..#.#.PPPP##..###......
..............#.@..P#....†.......
..............#..)P.#............
#P######..#####?).P$##P##.###.##.
### #### #$$$P?### ### #####
#?[.?[# #######


You could see 4 oklob plants.

Vanquished Creatures
  Fannar (Lair:2)
  8 death yaks (D:8)
  Maggie (D:6)
  A komodo dragon (Lair:1)
  Grinder (D:4)
  5 blink frogs (Lair:1)
  2 hippogriffs
  5 yaks (Lair:1)
  A basilisk (Lair:1)
  A water moccasin (Lair:1)
  An ice beast (D:7)
  2 phantoms
  A black bear (D:8)
  4 ogres
  A necrophage (D:7)
  5 centaurs
  A big kobold (D:8)
  2 bullfrogs
  A scorpion (D:5)
  An oklob sapling (D:7)
  7 wights
  2 orc priests (D:7)
  2 centaur skeletons
  2 hounds
  A bullfrog skeleton (D:8)
  Crazy Yiuf (D:2)
  3 orc wizards
  Ijyb (D:4)
  6 worker ants
  Natasha (thrice) (D:4)
  2 iguanas
  2 hell rats (D:7)
  A killer bee zombie (D:5)
  5 big kobold zombies (Ossuary)
  A mummy (Ossuary)
  Robin (D:3)
  13 adders
  7 river rats (D:7)
  3 shadow imps
  4 white imps
  3 ufetubi
  An ooze (D:6)
  2 adder skeletons
  3 adder zombies
  4 worms
  3 dart slugs
  6 leopard geckos
  20 orcs
  3 spectral bats (Ossuary)
  3 ball pythons
  5 giant cockroaches
  6 gnoll zombies (Ossuary)
  10 goblins
  10 hobgoblins
  12 jackals
  11 quokkas
  10 bats
  2 bat simulacra (Ossuary)
  4 frilled lizards
  4 goblin simulacra (Ossuary)
  4 goblin zombies (Ossuary)
  6 hobgoblin zombies (Ossuary)
  A jackal skeleton (D:4)
  15 kobolds
  2 kobold simulacra (Ossuary)
  4 kobold zombies (Ossuary)
  4 orc zombies (Ossuary)
  28 rats
  3 rat simulacra (Ossuary)
  3 spectral kobolds (Ossuary)
  3 spectral rats (Ossuary)
307 creatures vanquished.

Vanquished Creatures (others)
  A fungus (Lair:1)
  9 plants
10 creatures vanquished.

Grand Total: 317 creatures vanquished

Notes
Turn   | Place    | Note
-------+----------+-------------------------------------------
     0 | D:1      | raphaelitos the Minotaur Fighter began the quest for the
                  | Orb.
     0 | D:1      | Reached XP level 1. HP: 19/19 MP: 0/0
   180 | D:1      | Reached XP level 2. HP: 13/27 MP: 1/1
   458 | D:1      | Reached XP level 3. HP: 25/33 MP: 2/2
   903 | D:2      | Found a runed translucent door.
   904 | D:2      | Noticed Crazy Yiuf
  1019 | D:2      | Reached XP level 4. HP: 10/41 MP: 3/3
  1268 | D:2      | Found a stormy altar of Qazlal.
  1557 | D:2      | Killed Crazy Yiuf
  1632 | D:3      | Reached XP level 5. HP: 18/47 MP: 4/4
  2116 | D:3      | Noticed Robin
  2149 | D:3      | Killed Robin
  2205 | D:3      | Reached skill level 1 in Staves
  2288 | D:3      | You fall into a shaft and drop 1 floor!
  2313 | D:4      | Noticed Grinder
  2322 | D:4      | Paralysed by Grinder for 3 turns
  2329 | D:4      | Killed Grinder
  2329 | D:4      | Reached skill level 5 in Armour
  2329 | D:4      | Reached skill level 1 in Dodging
  2329 | D:4      | Reached XP level 6. HP: 18/55 MP: 5/5
  2682 | D:3      | Reached skill level 5 in Fighting
  3058 | D:4      | Noticed Ijyb
  3064 | D:4      | Killed Ijyb
  3093 | D:4      | Noticed Natasha
  3097 | D:4      | Killed Natasha
  3123 | D:4      | Reached XP level 7. HP: 60/61 MP: 6/6
  3247 | D:4      | Noticed Natasha
  3252 | D:4      | Reached skill level 1 in Stealth
  3254 | D:4      | Killed Natasha
  3449 | D:4      | Noticed Natasha
  3453 | D:4      | Killed Natasha
  3612 | D:5      | Entered Level 5 of the Dungeon
  3725 | D:5      | Found a glowing golden altar of the Shining One.
  3826 | D:5      | Reached skill level 5 in Staves
  3856 | D:5      | Found a sand-covered staircase.
  3861 | Ossuary  | Entered an ossuary
  4118 | Ossuary  | Reached XP level 8. HP: 66/68 MP: 7/7
  4745 | D:5      | Reached skill level 1 in Bows
  5661 | D:6      | Noticed Maggie
  5671 | D:6      | Killed Maggie
  5671 | D:6      | Reached XP level 9. HP: 39/78 MP: 8/8
  6450 | D:7      | Found a staircase to the Ecumenical Temple.
  7184 | D:7      | Reached skill level 1 in Long Blades
  7189 | D:7      | Reached skill level 2 in Long Blades
  7319 | D:7      | Found a sparkling altar of Nemelex Xobeh.
  7323 | D:7      | Found a hide-covered altar of Uskayaw.
  7372 | D:7      | Reached skill level 3 in Long Blades
  7604 | Temple   | Entered the Ecumenical Temple
  7914 | Temple   | Became a worshipper of the Shining One
  7984 | D:8      | Reached skill level 4 in Long Blades
  8053 | D:8      | Noticed a death yak
  8053 | D:8      | Noticed a death yak
  8055 | D:8      | Noticed a death yak
  8061 | D:8      | Noticed a death yak
  8061 | D:8      | Noticed a death yak
  8062 | D:8      | Noticed a death yak
  8062 | D:8      | Noticed a death yak
  8063 | D:8      | Noticed a death yak
  8068 | D:8      | Killed a death yak
  8068 | D:8      | Reached skill level 5 in Long Blades
  8068 | D:8      | Reached XP level 10. HP: 39/86 MP: 9/9
  8074 | D:8      | Killed a death yak
  8074 | D:8      | Reached skill level 6 in Long Blades
  8078 | D:8      | Killed a death yak
  8078 | D:8      | Reached skill level 7 in Long Blades
  8081 | D:8      | Killed a death yak
  8081 | D:8      | Reached skill level 8 in Long Blades
  8084 | D:8      | Killed a death yak
  8084 | D:8      | Reached skill level 9 in Long Blades
  8087 | D:8      | Killed a death yak
  8091 | D:8      | Killed a death yak
  8091 | D:8      | Reached skill level 10 in Long Blades
  8095 | D:8      | Killed a death yak
  8095 | D:8      | Reached skill level 10 in Armour
  8095 | D:8      | Reached XP level 11. HP: 12/95 MP: 10/10
  8443 | D:8      | Found a staircase to the Lair.
  8455 | D:8      | Got a faintly glowing spear
  8455 | D:8      | Identified the cursed +2 spear of Bycki Egeygu {vorpal,
                  | Int+3} (You found it on level 8 of the Dungeon)
  8833 | D:8      | Reached skill level 11 in Long Blades
  9362 | Lair:1   | Entered Level 1 of the Lair of Beasts
  9408 | Lair:1   | You fall into a shaft and drop 1 floor!
  9409 | Lair:2   | Noticed Fannar
  9413 | Lair:2   | Killed Fannar
  9847 | Lair:1   | Reached * piety under the Shining One
  9848 | Lair:1   | Reached skill level 12 in Long Blades
 10178 | Lair:1   | Noticed an oklob plant
 10178 | Lair:1   | Noticed an oklob plant
 10178 | Lair:1   | Noticed an oklob plant
 10178 | Lair:1   | Noticed an oklob plant
 10196 | Lair:1   | Killed from afar by an oklob plant

Illustrated notes

Levels and vault maps discovered:
D:1:      onia_arrival_pyramid, layout_basic, nrook_loot_triangle
D:2:      layout_rooms, nicolae_qazlal_general_emergency,
          uniq_crazy_yiuf_cottage
D:3:      layout_loops_ring, minmay_misc_feat_plants, glass_columns_a,
          uniq_robin
D:4:      layout_gridville, minmay_divided_ellipse, uniq_natasha, uniq_grinder,
          uniq_ijyb
D:5:      layout_loops_cross, enter_ossuary_5, lemuel_altar_in_water
D:6:      layout_loops_cross, uniq_maggie
D:7:      lemuel_ratsnest, layout_basic, lemuel_crystal_altar,
          minmay_temple_entry_oklob, basic_altar
D:8:      minmay_inner_zag, layout_basic, dpeg_lair_monsters
Temple:   compressed_dpeg_triangle_lava_temple
Lair:1:   layout_long_grid, chequers_serial_rivers_small_3,
          grunt_forest_small_clearings, minmay_lair_oklob_chamber
Lair:2:   layout_roguey, special_room [special_room_bee], grunt_megastairs_3,
          uniq_fannar

Skill      XL: |  1  2  3  4  5  6  7  8  9 10 11 |
---------------+----------------------------------+-----
Fighting       | 4 5 6 7 8 9 |  9.3
Armour         | 4 5 6 7 8 10 | 10.2
Axes           | 3 4 |  4.7
Shields        | 4 |  4.7
Staves         | 2 3 5 8 9 |  9.0
Dodging        | 1 2 3 4 |  4.1
Stealth        | 1 |  1.8
Bows           | 3 4 |  4.0
Long Blades    | 5 10 12 | 12.4

Action                   |  1- 3 |  4- 6 |  7- 9 | 10-12 || total
-------------------------+-------+-------+-------+-------++-------
Melee: War axe           |    88 |    36 |       |       ||   124
       Headbutt          |    11 |    15 |    62 |    19 ||   107
       Quarterstaff      |       |    54 |   255 |       ||   309
       Great sword       |       |       |    78 |    69 ||   147
 Fire: Shortbow          |       |       |    20 |       ||    20
Throw: Boomerang         |       |     1 |       |       ||     1
Evoke: Wand              |       |       |       |     1 ||     1
  Use: Scroll            |     1 |     5 |    11 |     6 ||    23
       Potion            |       |       |     2 |     8 ||    10
 Stab: Confused          |       |       |     1 |       ||     1
Armor: Scale mail        |    67 |    70 |   121 |    17 ||   275
Dodge: Dodged            |    28 |    62 |   163 |    45 ||   298
Block: Tower shield      |   105 |    40 |       |       ||   145
       Kite shield       |     6 |       |       |       ||     6
       Rpst.: Great sword |       |       |    13 |    11 ||    24

Table legend: (Time is in decaauts)
 A = Elapsed time spent in this place.
 B = Non-inter-level travel time spent in this place.
 C = Inter-level travel time spent in this place.
 D = Time resting spent in this place.
 E = Time spent auto-exploring this place.
 F = Levels seen in this place.
 G = Mean time per level.
                   A        B        C        D        E       F      G
               +--------+--------+--------+--------+--------+-----+--------+
         Total |  10288 |   9927 |    361 |    980 |   7036 |  12 |  857.3 |
       Dungeon |   8526 |   8189 |    337 |    697 |   5962 |   8 | 1065.8 |
        Temple |    324 |    300 |     24 |      0 |    288 |   1 |  324.0 |
          Lair |    831 |    831 |      0 |    124 |    561 |   2 |  415.5 |
       Ossuary |    605 |    605 |      0 |    159 |    225 |   1 |  605.0 |
               +--------+--------+--------+--------+--------+-----+--------+

Top non-repeatable levels by time:
     D:7: 1513 daAuts
     D:8: 1381 daAuts
     D:2: 1103 daAuts
     D:6: 1027 daAuts
     D:5: 918 daAuts
     D:4: 916 daAuts
     D:3: 869 daAuts
     D:1: 795 daAuts
  Lair:1: 781 daAuts
 Ossuary: 605 daAuts
  Temple: 324 daAuts
  Lair:2: 49 daAuts
